 Dungeon Crawl Stone Soup version 0.30-b1-2-g02819fbbbe (webtiles) character file.

Game seed: 566538586829746947

70 Quentin the Ruffian (level 4, -6/37 HPs)
             Began as a Ghoul Gladiator on Jan 9, 2024.
             Mangled by Crazy Yiuf
             ... wielding a +3 quarterstaff of chaos
              (14 damage)
             ... while paralysed by Crazy Yiuf
             ... on level 2 of the Dungeon on Jan 10, 2024.
             The game lasted 00:22:03 (2243 turns).

Quentin the Ruffian (Ghoul Gladiator)               Turns: 2243, Time: 00:22:03

Health: -6/37      AC:  6    Str: 19    XL:     4   Next: 21%
Magic:  3/3        EV:  2    Int:  3    God:
Gold:   139        SH:  0    Dex: 10    Spells: 3/3 levels left

rFire   . .          .
                       - Unarmed
rCold   + . .        (no shield)
rNeg    + + +        i - +0 ring mail
rPois   ∞            b - +0 helmet
rElec   .            (no cloak)
rCorr   .            (no gloves)
SInv    .            (no boots)
Will    .....        (no amulet)
Stlth   +            e - +5 ring of evasion
HPRegen 0.00/turn    (no ring)
MPRegen 0.08/turn

%: no passive effects
@: paralysed, inhibited regen, hasted
A: claws 1, cold resistance 1, negative energy resistance 3, inhibited
regeneration, torment resistance 2, devour on kill
a: no special abilities


You were on level 2 of the Dungeon.
You visited 1 branch of the dungeon, and saw 2 of its levels.

You collected 139 gold pieces.

Inventory:

Missiles
 c - 3 throwing nets
 d - a javelin (quivered)
Armour
 b - a +0 helmet (worn)
 i - a +0 ring mail (worn)
Jewellery
 e - a +5 ring of evasion (left claw)
Wands
 k - a wand of roots (12)
Scrolls
 f - a scroll of teleportation
 j - a scroll of amnesia {unknown}
 l - a scroll of torment {unknown}
 n - a scroll of vulnerability {unknown}
Potions
 a - a potion of invisibility
 g - a potion of resistance {unknown}
 h - a potion of might {unknown}
 m - a potion of heal wounds {unknown}


   Skills:
 + Level 2.4 Fighting
 + Level 1.9 Throwing
 + Level 0.7 Armour
 + Level 3.3 Dodging
 + Level 0.2 Stealth
 + Level 4.4 Unarmed Combat


You had 3 spell levels left.
You didn't know any spells.
Your spell library was empty.

Dungeon Overview and Level Annotations

Branches:
Dungeon (2/15)

Altars:

Annotations:
D:2 Crazy Yiuf


Innate Abilities, Weirdness & Mutations

You are immune to poison.
You have sharp fingernails.
Your flesh is cold resistant. (rC+)
You are immune to negative energy. (rN+++)
You do not regenerate when monsters are visible.
You are immune to unholy pain and torment.
You thrive by killing the living.


Message History

A nearby fungus withers and dies.
You scratch the fungus.
The fungus begins to die.
The fungus is lightly damaged.
You scratch the fungus.
The fungus is lightly damaged.
You scratch the fungus.
The fungus is lightly damaged.
You claw the fungus!
The fungus is lightly damaged.
A nearby fungus withers and dies.
A frilled lizard comes into view.
Found a scroll labelled KYOSIU KEPRAU.
The frilled lizard closely misses you.
You miss the frilled lizard. The frilled lizard misses you.
You claw the frilled lizard!
You kill the frilled lizard!
You see here a frilled lizard corpse.
n - a scroll labelled KYOSIU KEPRAU
Found a hammer.
Found a runed translucent door.
Crazy Yiuf shouts!
Crazy Yiuf screams, "Announcement foot snockshim!"
As you open the door, it creaks loudly!
You scratch Crazy Yiuf.
Crazy Yiuf is lightly wounded.
Crazy Yiuf closely misses you.
You scratch Crazy Yiuf.
Crazy Yiuf is lightly wounded.
Crazy Yiuf says, "Action water hog!"
Crazy Yiuf hits you with a +3 quarterstaff of chaos!
You suddenly lose the ability to move!
Crazy Yiuf hits you with a +3 quarterstaff of chaos.
Crazy Yiuf waves his quarterstaff at you.
Crazy Yiuf hits you with a +3 quarterstaff of chaos.
Crazy Yiuf hits you with a +3 quarterstaff of chaos!
* * * LOW HITPOINT WARNING * * *
You feel yourself speed up.
Crazy Yiuf hits you with a +3 quarterstaff of chaos.
* * * LOW HITPOINT WARNING * * *
You are electrocuted!
You die...

##....###
#.##. ##..##
#.... #....#
############
#...##
#...........
##.##
############
#.##
#..........
##.#
#.####..#..
#.## #.#
#..#.. ##@#
#.# #.....
#g#
#.#####.##.
...
#.....#....
#...#
###########
#..)#
#..........
#####
#.#########
#.# # #.# #
#.# #


You could see Crazy Yiuf.

Vanquished Creatures
  3 adders (D:2)
  3 worms (D:2)
  A dart slug (D:1)
  6 endoplasms
  A giant cockroach (D:1)
  2 goblins (D:1)
  3 hobgoblins
  2 jackals (D:2)
  2 quokkas
  A ball python (D:1)
  2 bats (D:1)
  A frilled lizard (D:2)
  2 kobolds
  3 rats
32 creatures vanquished.

Vanquished Creatures (others)
  2 fungi (D:2)
2 creatures vanquished.

Grand Total: 34 creatures vanquished

Notes
Turn   | Place    | Note
-------+----------+-------------------------------------------
     0 | D:1      | Quentin the Ghoul Gladiator began the quest for the Orb.
     0 | D:1      | Reached XP level 1. HP: 17/17 MP: 0/0
   355 | D:1      | Reached XP level 2. HP: 24/24 MP: 1/1
  1166 | D:2      | Reached XP level 3. HP: 29/29 MP: 2/2
  1475 | D:2      | Reached skill level 4 in Unarmed Combat
  1686 | D:2      | Reached XP level 4. HP: 37/37 MP: 3/3
  2233 | D:2      | Found a runed translucent door.
  2234 | D:2      | Noticed Crazy Yiuf
  2239 | D:2      | Paralysed by Crazy Yiuf for 4 turns
  2243 | D:2      | Mangled by Crazy Yiuf

Illustrated notes

Levels and vault maps discovered:
D:1:      dpeg_arrival_orchard, layout_rooms
D:2:      layout_basic, uniq_crazy_yiuf_cottage

Skill      XL: |  1  2  3 |
---------------+----------+-----
Dodging        | 3 |  3.3
Unarmed Combat | 4 |  4.4
Fighting       | |  2.4
Throwing       | |  1.9
Armour         | |  0.7
Stealth        | |  0.2

Action                     |  1- 3 |  4- 6 || total
---------------------------+-------+-------++-------
  Melee: Unarmed           |    76 |    32 ||   108
  Throw: Javelin           |     2 |       ||     2
         Throwing net      |     1 |       ||     1
    Use: Scroll            |     3 |       ||     3
 Armour: Ring mail         |    23 |     2 ||    25
  Dodge: Dodged            |    90 |    11 ||   101
